 Dungeon Crawl Stone Soup version 0.26.1-2-gb8aa6d0cf2 (webtiles) character file.

Game seed: 8381273735560055651

6099 ubername the Spear-Bearer (level 10, -2/79 HPs)
             Began as a Merfolk Berserker on Feb 18, 2021.
             Was a High Priest of Trog.
             Slain by an orc warrior
             ... wielding a +0 halberd
             ... led by an orc warlord
              (31 damage)
             ... on level 2 of the Orcish Mines on Feb 20, 2021.
             The game lasted 00:36:08 (9925 turns).

ubername the Spear-Bearer (Merfolk Berserker)       Turns: 9925, Time: 00:36:09

Health: -2/79      AC: 11    Str: 27    XL:     10   Next: 88%
Magic:  10/10      EV: 16    Int:  6    God:    Trog [*****.]
Gold:   260        SH:  0    Dex: 16    Spells: 9/9 levels left

rFire    + . .     SeeInvis +   F - +2 glaive (flame)
rCold    + . .     Faith    .   (shield currently unavailable)
rNeg     + . .     Spirit   .   e - +0 ring mail
rPois    .         Reflect  .   y - +2 hat
rElec    .         Harm     .   H - scarf {rC+ rF+}
rCorr    .         Rampage  .   t - +1 pair of gloves
Will     +....                  L - +0 pair of boots of the Sun {*Drain +Inv rN+ Str+8}
Stlth    +.........             n - amulet of regeneration
HPRegen  0.63/turn              w - ring of see invisible
MPRegen  0.12/turn              I - ring of willpower

@: studying Evocations
A: change form in water, swift swim, stealthy swim
a: Renounce Religion, Evoke Invisibility, Berserk, Trog's Hand, Brothers in Arms


You were on level 2 of the Orcish Mines.
You worshipped Trog.
Trog was extremely pleased with you.
You visited 3 branches of the dungeon, and saw 12 of its levels.

You collected 925 gold pieces.
You spent 665 gold pieces at shops.

Inventory:

Hand Weapons
 a - a +0 halberd of flaming
 b - a +2 dagger of holy wrath
 k - a +5 spear
 o - a +3 flail of holy wrath
 r - a +0 dagger of venom
 C - a +0 fustibalus
 E - a +3 spear
 F - a +2 glaive of flaming (weapon)
Missiles
 c - 15 boomerangs (quivered)
 d - 2 throwing nets
 f - 264 stones
 l - 17 poisoned darts
 s - 52 sling bullets
Armour
 e - a +0 ring mail (worn)
 p - a +1 pair of boots
 t - a +1 pair of gloves (worn)
 y - a +2 hat (worn)
 H - a scarf of resistance (worn)
 L - the +0 pair of boots of the Sun (worn) {*Drain +Inv rN+ Str+8}
   (You bought it in a shop on level 2 of the Orcish Mines)

   It affects your strength (+8).
   It protects you from negative energy.
   It lets you turn invisible.
   It causes draining when unequipped.
Jewellery
 h - an uncursed amulet of the acrobat
 n - an amulet of regeneration (around neck)
 w - a ring of see invisible (left hand)
 I - a ring of willpower (right hand)
Wands
 x - a wand of acid (9)
 B - a wand of random effects (22)
Scrolls
 g - 8 scrolls of identify
 j - 7 scrolls of remove curse
 v - 3 scrolls of teleportation
 J - a scroll of fog
Potions
 i - 3 potions of haste
 m - a potion of degeneration
 u - 2 potions of might
 z - a potion of flight
 A - 3 potions of mutation {unknown}
 D - a potion of curing
 G - a potion of attraction {unknown}
 K - a potion of invisibility {unknown}
Books
 q - a manual of Evocations


   Skills:
 + Level 7.6 Fighting
 + Level 14.3 Polearms
 + Level 5.5 Throwing
 + Level 5.5 Armour
 + Level 7.4 Dodging
 + Level 2.1 Stealth
 + Level 0.1 Evocations


You had 9 spell levels left.
You didn't know any spells.
Your spell library was empty.

Dungeon Overview and Level Annotations

Branches:
Dungeon (9/15)             Temple (1/1) D:7             Orc (2/2) D:9
    Elf (0/3) Orc:2
   Lair: D:8-11

Altars:
Ashenzari
Cheibriados
Dithmenos
Elyvilon
Fedhas
Gozag
Hepliaklqana
Kikubaaqudgha
Makhleb
Nemelex Xobeh
Okawaru
Qazlal
Ru
Sif Muna
Trog
Uskayaw
Vehumet
Wu Jian
Xom
Yredelemnul
Zin
The Shining One

Shops:
D:8 [   D:9 ?   Orc:2 [

Annotations:
D:5 exclusion: oklob plant


Message History

You slice the orc!! You burn the orc.
You kill the orc!
Trog accepts your kill. The warg bites you!
Things that are here:
a +0 club; a +0 leather armour; an orc corpse The warg closely misses you.
You slash the warg! You burn the warg.
The warg is moderately wounded.
The orc warrior hits you from afar with a +0 halberd!!
The warg bites you!
You hear a shout! x2; You hear a howl!
You hit the warg but do no damage.
The warg is moderately wounded.
The warg bites you but does no damage. The orc warrior misses you.
You hit the warg. You burn the warg.
The warg is heavily wounded.
The warg misses you.
The orc warrior hits you from afar with a +0 halberd!!
You die...

....###....#
##.o.o......#
#.oo.....^..#
#.o.......#
#.o$...#
#.....#####
###.........#
###..h.......##
#@#.....#.....#
##h#)....###...#.
#..o)...## ....
####o..## ##...#
#.....###.....
###..........
#.......##.
###......#
#...)<###


You could see a warg and 2 orc warriors.

Vanquished Creatures
  A two-headed ogre (D:9)
  A troll (D:9)
  A wyvern (D:8)
  4 yaks (D:9)
  9 orc warriors
  A sky beast (D:9)
  2 phantoms (D:6)
  2 black bears
  A necrophage (D:9)
  2 centaurs
  2 ogres
  A big kobold (D:8)
  4 bullfrogs
  A wyvern skeleton (D:9)
  6 scorpions
  5 wights (D:6)
  A howler monkey (D:9)
  4 bullfrog zombies
  A jelly (D:9)
  A quasit (D:8)
  A centaur skeleton (D:4)
  4 orc priests
  6 hounds
  2 bullfrog skeletons (D:5)
  2 gnoll shamans
  3 iguanas
  18 orc wizards
  7 worker ants
  A killer bee zombie (D:8)
  2 hound skeletons
  A howler monkey zombie (D:7)
  3 worker ant zombies
  13 gnolls
  8 adders
  2 shadow imps
  8 white imps
  4 ufetubi
  An adder zombie (D:5)
  3 worms
  2 dart slugs
  4 leopard geckos
  34 orcs
  5 bats
  4 giant cockroaches
  10 goblins
  4 hobgoblins
  12 jackals
  4 quokkas
  3 frilled lizards (D:1)
  14 kobolds
  A leopard gecko zombie (D:5)
  2 quokka zombies
  14 rats
252 creatures vanquished.

Vanquished Creatures (others)
  7 fungi (D:5)
  10 plants (D:5)
17 creatures vanquished.

Grand Total: 269 creatures vanquished

Notes
Turn   | Place    | Note
-------+----------+-------------------------------------------
     0 | D:1      | ubername the Merfolk Berserker began the quest for the Orb.
     0 | D:1      | Reached XP level 1. HP: 18/18 MP: 1/1
   540 | D:1      | Reached XP level 2. HP: 22/24 MP: 2/2
   825 | D:1      | Reached skill level 5 in Polearms
   974 | D:1      | Reached ** piety under Trog
  1197 | D:2      | Reached XP level 3. HP: 23/29 MP: 3/3
  1797 | D:2      | Reached XP level 4. HP: 32/37 MP: 4/4
  1816 | D:2      | Reached skill level 1 in Throwing
  2666 | D:3      | Reached XP level 5. HP: 42/42 MP: 5/5
  2856 | D:3      | Found a faded altar of an unknown god.
  2995 | D:3      | Reached *** piety under Trog
  3481 | D:4      | Reached XP level 6. HP: 48/48 MP: 6/6
  3582 | D:4      | Reached skill level 6 in Polearms
  4356 | D:4      | Reached XP level 7. HP: 54/54 MP: 7/7
  4486 | D:5      | Entered Level 5 of the Dungeon
  4506 | D:5      | Reached skill level 7 in Polearms
  4528 | D:5      | Found a snail-covered altar of Cheibriados.
  4653 | D:5      | Found a blossoming altar of Fedhas.
  4662 | D:5      | Noticed an oklob plant
  4858 | D:5      | Found a glowing silver altar of Zin.
  4858 | D:5      | Found a blossoming altar of Fedhas.
  5015 | D:5      | Reached **** piety under Trog
  5016 | D:5      | Reached skill level 8 in Polearms
  5100 | D:5      | Found a broken altar of Ashenzari.
  5194 | D:5      | Reached XP level 8. HP: 46/60 MP: 8/8
  5491 | D:6      | Reached skill level 1 in Stealth
  5498 | D:6      | Reached skill level 9 in Polearms
  6098 | D:6      | Found a bloodstained altar of Trog.
  6108 | D:6      | Reached skill level 10 in Polearms
  6242 | D:6      | Reached skill level 5 in Fighting
  6459 | D:7      | Reached skill level 5 in Dodging
  6459 | D:7      | Reached XP level 9. HP: 56/68 MP: 9/9
  6737 | D:7      | Found a staircase to the Ecumenical Temple.
  6742 | Temple   | Entered the Ecumenical Temple
  7300 | D:7      | Found a white marble altar of Elyvilon.
  7386 | D:7      | Reached skill level 11 in Polearms
  7569 | D:8      | Reached ***** piety under Trog
  7860 | D:8      | Reached skill level 5 in Throwing
  7869 | D:8      | Found Diegg's Antique Armour Shoppe.
  8151 | D:8      | Reached skill level 12 in Polearms
  8521 | D:9      | Noticed a troll
  8546 | D:9      | Killed a troll
  8547 | D:9      | Reached XP level 10. HP: 43/77 MP: 10/10
  8800 | D:9      | Reached skill level 5 in Armour
  8804 | D:9      | Reached skill level 13 in Polearms
  8822 | D:9      | Received a gift from Trog
  8929 | D:9      | Found Odezus's Magic Scroll Shoppe.
  8934 | D:9      | Bought a scroll of summoning for 123 gold pieces
  9083 | D:9      | Noticed a two-headed ogre
  9095 | D:9      | Killed a two-headed ogre
  9231 | D:9      | Found a staircase to the Orcish Mines.
  9333 | Orc:1    | Entered Level 1 of the Orcish Mines
  9365 | Orc:1    | Reached skill level 14 in Polearms
  9567 | Orc:2    | Entered Level 2 of the Orcish Mines
  9745 | Orc:2    | Found Tuaphi Itah's Armour Shop.
  9746 | Orc:2    | Found a staircase to the Elven Halls.
  9761 | Orc:2    | Bought the +0 pair of boots of the Sun {*Drain +Inv rN+
                  | Str+8} for 542 gold pieces
  9913 | Orc:2    | Noticed an orc warlord
  9925 | Orc:2    | Slain by an orc warrior

Illustrated notes

Levels and vault maps discovered:
D:1:      dpeg_arrival_ratfight, layout_loops_cross
D:2:      layout_rooms, minmay_split_cup_large
D:3:      layout_loops_cross, chequers_ecumenical_altar_lobes
D:4:      layout_rooms, serial_rivers, chequers_serial_rivers_large_a,
          chequers_serial_rivers_micro_c, chequers_serial_rivers_room_a,
          chequers_serial_rivers_large_b
D:5:      layout_rooms, evilmike_ruin_ashenzari,
          chequers_temple_overflow_statue_of_worship, tgw_fedhas
D:6:      layout_basic, nicolae_overflow_crystal_walls, kennysheep_minor_cross,
          hangedman_abyss_or_decor_stagger
D:7:      layout_loops_corners, marbit_many_paths, temple_doors_e,
          minmay_manual_monstrance
D:8:      layout_loops_cross, serial_shops, shop
D:9:      layout_basic, orc_0_dummy, serial_shops, shop,
          kennysheep_generic_room_12
Temple:   eino_temple_rhombus
Orc:1:    layout_diamond_mine, serial_shops,
          nicolae_shop_temple_entry_statues_fountains, uniq_harold, uniq_erica
Orc:2:    st_orc_ogre_mass, layout_diamond_mine, serial_shops,
          nicolae_shop_competitors_out_of_business

Skill      XL: |  1  2  3  4  5  6  7  8  9 10 |
---------------+-------------------------------+-----
Polearms       | 5 6 8 10 12 14 | 14.3
Armour         | 2 3 4 5 |  5.5
Dodging        | 3 4 5 6 7 |  7.4
Throwing       | 2 3 4 5 |  5.5
Fighting       | 4 5 6 7 |  7.6
Stealth        | 1 2 |  2.1
Evocations     | |  0.1

Action                   |  1- 3 |  4- 6 |  7- 9 | 10-12 || total
-------------------------+-------+-------+-------+-------++-------
Melee: Spear             |   108 |   173 |    38 |       ||   319
       Halberd           |       |       |   441 |    54 ||   495
       Glaive            |       |       |       |    99 ||    99
Throw: Dart              |    39 |    69 |    12 |       ||   120
       Stone             |     3 |       |       |       ||     3
       Boomerang         |       |       |    44 |    25 ||    69
       Throwing net      |       |       |     1 |       ||     1
Invok: Berserk           |       |       |       |     1 ||     1
Evoke: Wand              |       |       |     3 |       ||     3
  Use: Scroll            |     1 |     4 |     8 |     1 ||    14
       Potion            |       |     3 |     3 |       ||     6
 Stab: Distracted        |       |       |     1 |       ||     1
Armor: Leather armour    |    27 |    35 |     4 |       ||    66
       Ring mail         |       |       |   169 |    38 ||   207
Dodge: Dodged            |    70 |   103 |   364 |   101 ||   638
